 Dungeon Crawl Stone Soup version 0.21-a0-504-g2eda330 (webtiles) character file.

139643 esteth the Corrupter of Planes (level 16, -1/132 HPs)
             Began as a Demonspawn Abyssal Knight on Nov 26, 2017.
             Was the Champion of Lugonu.
             Slain by a nagaraja
             ... wielding a +0 halberd
              (10 damage)
             ... on level 4 of the Snake Pit.
             The game lasted 01:06:41 (23098 turns).

esteth the Corrupter of Planes (DsAK)              Turns: 23098, Time: 01:06:42

Health: -1/132     AC: 39    Str: 20    XL:     16   Next: 74%
Magic:  0/28       EV:  7    Int: 18    God:    Lugonu [******]
Gold:   1586       SH: 10    Dex: 14    Spells: 15/15 levels left

rFire    . . .     SeeInvis .   E - +8 trident of Wrongful Imprisonment {freeze, rPois rN+ Int+2}
rCold    + . .     Gourm    .   S - +0 shield
rNeg     + + +     Faith    .   W - +15 Maxwell's patent armour {-Cast -Tele rElec MR+ rCorr}
rPois    +         Spirit   +   (helmet unavailable)
rElec    +         Reflect  .   f - scarf {cloud immunity}
rCorr    +         Harm     .   r - +0 pair of gloves of Rucoph Loann {rN+ Str+2}
MR       ++...     NoTele   +   H - +2 pair of boots Stlth ..........NoCast +
                                D - amulet of regeneration
HPRegen  0.72/turn              I - +2 ring of slaying
MPRegen  0.21/turn              L - ring of protection from cold

@: lethally poisoned (-1 -> -2), invisible
A: horns 3, iridescent scales 3, clever 1, negative energy resistance 1, shaggy
fur 1, spiny 2, magic shield
a: Depart the Abyss, Bend Space, Banish, Corrupt, Enter the Abyss, Brand Weapon
With Distortion, Renounce Religion


You were on level 4 of the Snake Pit.
You worshipped Lugonu.
Lugonu was exalted by your worship.
You were hungry.

You visited 4 branches of the dungeon, and saw 26 of its levels.
You visited the Abyss 3 times.
You also visited: Sewer.

You collected 1673 gold pieces.
You spent 87 gold pieces at shops.

Inventory:

Hand Weapons
 e - a +2 glaive of protection
 E - the +8 trident of Wrongful Imprisonment (weapon) {freeze, rPois rN+ Int+2}
   (You found it on level 6 of the Dungeon)

   It has been specially enchanted to freeze those struck by it, causing extra
   injury to most foes and up to half again as much damage against particularly
   susceptible opponents.
   It can also slow down cold-blooded creatures.
   It affects your intelligence (+2).
   It protects you from poison.
   It protects you from negative energy.
Missiles
 y - 5 javelins of returning (quivered)
Armour
 f - a scarf of cloud immunity (worn)
 r - the +0 pair of gloves of Rucoph Loann (worn) {rN+ Str+2}
   (You found it on level 9 of the Dungeon)

   It affects your strength (+2).
   It protects you from negative energy.
 H - a +2 pair of boots (worn)
 S - a +0 shield (worn)
 W - the +15 Maxwell's patent armour (worn) {-Cast -Tele rElec MR+ rCorr}
   (You found it on level 12 of the Dungeon)

   It insulates you from electricity.
   It affects your resistance to hostile enchantments.
   It prevents spellcasting.
   It prevents most forms of teleportation.
   It protects you from acid and corrosion.
Jewellery
 a - an uncursed ring of see invisible
 D - an amulet of regeneration (around neck)
 I - a +2 ring of slaying (left hand)
 L - a ring of protection from cold (right hand)
 T - an uncursed ring of protection from fire
 Y - an uncursed ring of protection from cold
Wands
 k - a wand of random effects (31)
 n - a wand of digging (24)
 B - a wand of acid (11)
 P - a wand of flame (46)
 U - a wand of iceblast (49)
Scrolls
 b - 16 scrolls of remove curse
 g - 8 scrolls of amnesia
 l - 16 scrolls of identify
 q - 2 scrolls of fog
 s - 21 scrolls of teleportation
 t - 4 scrolls of immolation
 x - 7 scrolls of fear
 F - a scroll of torment {unknown}
 G - 3 scrolls of magic mapping
 K - 3 scrolls of enchant weapon
 N - 3 scrolls of enchant armour
Potions
 d - 2 potions of invisibility
 h - a potion of cancellation {unknown}
 i - 3 potions of mutation
 p - 3 potions of brilliance {unknown}
 u - 8 potions of lignification
 z - 5 potions of flight
 C - 8 potions of haste {unknown}
 J - 7 potions of curing
 M - 3 potions of berserk rage {unknown}
 O - 3 potions of might {unknown}
 R - a potion of resistance {unknown}
Books
 j - a book of Misfortune

   Spells                             Type                      Level
   a - Confusing Touch                Hexes                        1
   b - Confuse                        Hexes                        3
   c - Gell's Gravitas                Translocation                3
   d - Petrify                        Transmutation/Earth          4
   e - Metabolic Englaciation         Hexes/Ice                    5
   f - Yara's Violent Unravelling     Hexes/Transmutation          5
 m - a book of Dreams

   Spells                             Type                      Level
   a - Ensorcelled Hibernation        Hexes/Ice                    2
   b - Silence                        Hexes/Air                    5
   c - Darkness                       Hexes                        6
   d - Shadow Creatures               Summoning                    6
 Q - a book of Callings

   Spells                             Type                      Level
   a - Summon Small Mammal            Summoning                    1
   b - Call Imp                       Summoning                    2
   c - Call Canine Familiar           Summoning                    3
   d - Summon Guardian Golem          Hexes/Summoning              3
   e - Summon Lightning Spire         Summoning/Air                4
   f - Summon Ice Beast               Ice/Summoning                4
 V - a Young Poisoner's Handbook

   Spells                             Type                      Level
   a - Sting                          Conjuration/Poison           1
   b - Poisonous Vapours              Poison/Air                   2
   c - Mephitic Cloud                 Conjuration/Poison/Air       3
   d - Olgreb's Toxic Radiance        Poison                       4
   e - Venom Bolt                     Conjuration/Poison           5
 Z - a Fen Folio

   Spells                             Type                      Level
   a - Corpse Rot                     Necromancy                   2
   b - Stone Arrow                    Conjuration/Earth            3
   c - Leda's Liquefaction            Hexes/Earth                  4
   d - Summon Forest                  Summoning/Translocation      5
   e - Hydra Form                     Transmutation                6
   f - Summon Hydra                   Summoning                    7
Comestibles
 c - 12 bread rations
 o - 25 fruits
 v - 4 chunks of flesh
 w - 17 meat rations
 A - 13 royal jellies


   Skills:
 - Level 13.8 Fighting
 + Level 14.7 Polearms
 - Level 12.3 Throwing
 - Level 6.5 Armour
 - Level 6.2 Dodging
 + Level 6.1 Shields
 - Level 17.0 Invocations


You had 15 spell levels left.
You didn't know any spells.

Dungeon Overview and Level Annotations

Branches:
Dungeon (15/15)            Temple (1/1) D:5            Lair (6/6) D:9
  Swamp (0/4) Lair:2        Snake (4/4) Lair:2        Slime (0/5) Lair:5
    Orc (0/2) D:10         Vaults (0/5) D:14
 Depths: D:15

Altars:
Dithmenos
Gozag
Qazlal
Trog
Uskayaw
Yredelemnul

Shops:
D:4 (([%:   D:7 [   D:15 %   Snake:1 *   Snake:4 (

Annotations:
D:4 exclusion: 2 downstairs
D:5 darxusza's ghost, novice DsGl
Lair:6 corrupted
Snake:4 Vashnia


Innate Abilities, Weirdness & Mutations

You have a pair of large horns on your head.
You are completely covered in iridescent scales. (AC +6)
You resist negative energy. (rN+)
You are mostly covered in sharp spines.
When hurt, damage is shared between your health and your magic reserves.
Your mind is acute. (Int +2)
You are covered in fur. (AC +1)


Message History

Space bends around you!
You blink.
You feel sick.
The guardian serpent casts a spell.
The nagaraja blinks!
The anaconda blinks!
Vashnia blinks!
The anaconda bites you but does no damage.
The nagaraja hits you with a halberd!
* * * LOW HITPOINT WARNING * * *
The anaconda is struck by your spines.
The anaconda bites you but does no damage.
The nagaraja hits you from afar with a halberd.
* * * LOW HITPOINT WARNING * * *
Vashnia spits poison at you. The splash of poison hits you! You resist.
* * * LOW HITPOINT WARNING * * *
You block the nagaraja's attack.
You fade into invisibility!
You block the anaconda's attack.
Vashnia shoots an arrow.
The arrow hits you!!
* * * LOW HITPOINT WARNING * * *
The anaconda is struck by your spines. The anaconda closely misses you.
The nagaraja hits you from afar with a halberd!
You die...

#'#.(...#,,...########....##..##.
..))<...##,...§....††###..#...#).
....))...###.......†().##.#..))).
#######....#########)(..#.##..##.
##+##.#....##....§.§S...#.##...##
...##.##.).#.....S§(...##.#....).
....#..#..##.....#######..##.....
...'#..#......N............#'####
##.#..##.....).N@................
.###...#.......S.########........
.......#.........#......#........
.......#...###...#......#........
.......#...'.##..#......#........
.......#..##..#..#...####........
....#'##..#...#..##..#.##...÷....
#####.....#..##...#.##.''..##'#..
..........#...#..##.#..##.##..#..


You could see Vashnia, a nagaraja, an anaconda and a guardian serpent.

Vanquished Creatures
  Nikola (Snake:4)
  3 nagarajas
  Aizul (Snake:4)
  Nessos (D:13)
  A dire elephant (Lair:6)
  Josephine (D:13)
  2 vault guards (D:14)
  A rakshasa (D:13)
  10 naga warriors
  3 hydras
  8 two-headed ogres
  4 centaur warriors
  8 anacondas
  Erica (D:8)
  11 death yaks
  A tengu warrior (D:14)
  12 naga sharpshooters
  9 shock serpents
  2 unseen horrors
  A naga ritualist (Snake:1)
  A wizard (D:14)
  A harpy (Lair:6)
  4 oklob plants (Lair:4)
  A deep elf mage (D:14)
  Pikel (D:8)
  2 necromancers (D:14)
  15 ugly things
  6 mana vipers
  7 salamanders
  2 manticores
  2 cyclopes
  2 centaur zombies (D:14)
  11 elephants
  33 black mambas
  7 guardian serpents
  11 naga magi
  4 spiny frogs
  A centaur skeleton (D:11)
  An efreet (D:13)
  4 rime drakes
  13 komodo dragons
  A tengu conjurer (D:14)
  2 polar bears
  3 trolls
  5 hornets
  6 meliai (D:14)
  10 slime creatures
  Prince Ribbit (D:8)
  3 blink frogs (Lair:5)
  12 hippogriffs
  16 dream sheep
  33 yaks
  8 wyverns
  4 wraiths (D:13)
  2 shadows
  2 vampires
  2 water elementals (D:14)
  20 humans (D:14)
  The ghost of Dustman the Skirmisher, an amateur HuMo (D:4)
  A basilisk (D:14)
  6 vampire mosquitoes
  2 hungry ghosts
  2 soldier ants
  2 acid dragons
  2 wargs (D:10)
  35 nagas
  15 water moccasins
  9 porcupines
  A swamp drake (D:9)
  5 orc warriors
  An ice beast (D:14)
  A slave (D:8)
  3 black bears
  3 sky beasts
  An eye of draining (D:13)
  3 phantoms
  A necrophage (D:7)
  5 ogres
  10 wolves
  7 centaurs
  13 crocodiles
  6 big kobolds
  15 bullfrogs
  A gnoll sergeant (D:7)
  A wyvern skeleton (D:14)
  3 scorpions
  6 killer bees (D:8)
  17 wights
  A howler monkey (D:8)
  3 electric eels (D:14)
  8 crimson imps
  8 hounds
  A bullfrog zombie (D:11)
  8 jellies
  6 orc priests
  10 bullfrog skeletons
  2 iguanas
  6 orc wizards
  9 worker ants
  A killer bee zombie (D:5)
  A hound zombie (D:11)
  3 hound skeletons
  4 gnolls (D:7)
  2 howler monkey skeletons (D:8)
  A river rat (Sewer)
  18 adders
  4 shadow imps
  An adder skeleton (D:7)
  A worm (D:3)
  2 dart slugs
  4 leopard geckos
  34 orcs
  4 bats
  7 giant cockroaches
  2 gnoll zombies (D:7)
  9 hobgoblins
  9 jackals
  5 quokkas
  4 ball pythons
  3 frilled lizards
  A goblin (D:3)
  11 kobolds
  A leopard gecko skeleton (D:7)
  2 quokka zombies
  11 rats
  A butterfly (Lair:4)
726 creatures vanquished.

Vanquished Creatures (others)
  A fire dragon (D:15)
  A merfolk avatar (Lair:6)
  A two-headed ogre (D:8)
  2 death yaks (Lair:6)
  12 elephants (Lair:6)
  6 spiny frogs (Lair:6)
  2 black mambas (Lair:6)
  A rime drake (Lair:6)
  A komodo dragon (Lair:6)
  A wind drake (Lair:6)
  2 polar bears (Lair:6)
  A wyvern (Lair:6)
  2 water moccasins (Lair:6)
  2 slaves (D:8)
  A crocodile (Lair:6)
  3 kobolds (D:14)
  A bush (Lair:6)
  3 fungi (Lair:6)
  24 plants
  18 starspawn tentacles (Lair:6)
85 creatures vanquished.

Grand Total: 811 creatures vanquished

Notes
Turn   | Place    | Note
-------+----------+-------------------------------------------
     0 | Abyss:1  | esteth the Demonspawn Abyssal Knight began the quest for the Orb.
     0 | Abyss:1  | Reached XP level 1. HP: 18/18 MP: 2/2
    12 | D:1      | Escaped the Abyss
    33 | D:1      | Reached skill level 1 in Dodging
    56 | D:1      | Gained mutation: You are partially covered in iridescent scales. (AC +2) [demonic ancestry]
    56 | D:1      | Reached XP level 2. HP: 13/24 MP: 4/4
   326 | D:1      | Reached ** piety under Lugonu
   354 | D:1      | Reached skill level 3 in Invocations
   403 | D:1      | Gained mutation: You are mostly covered in iridescent scales. (AC +4) [demonic ancestry]
   403 | D:1      | Reached XP level 3. HP: 29/29 MP: 5/5
  1019 | D:2      | Found a faded altar of an unknown god.
  1425 | D:2      | Reached XP level 4. HP: 35/35 MP: 6/6
  1758 | D:3      | Gained mutation: You are covered in fur. (AC +1) [potion of mutation]
  1758 | D:3      | Gained mutation: You have a pair of small horns on your head. [potion of mutation]
  1758 | D:3      | Gained mutation: Your mind is acute. (Int +2) [potion of mutation]
  2287 | D:3      | Found a glowing drain.
  2293 | Sewer    | Entered a sewer
  2364 | Sewer    | Noticed a big kobold
  2419 | Sewer    | Killed a big kobold
  2419 | Sewer    | Reached skill level 4 in Invocations
  2419 | Sewer    | Mutation became permanent: You have a pair of small horns on your head. [demonic ancestry]
  2419 | Sewer    | Gained mutation: You have a pair of small horns on your head. [demonic ancestry]
  2419 | Sewer    | Reached XP level 5. HP: 42/42 MP: 6/8
  2474 | Sewer    | Found a white marble altar of Elyvilon.
  2907 | D:4      | Reached *** piety under Lugonu
  2938 | D:4      | Gained mutation: You are partially covered in sharp spines. [demonic ancestry]
  2938 | D:4      | Reached XP level 6. HP: 34/48 MP: 9/9
  3172 | D:4      | Found Cieze's Food Boutique.
  3192 | D:4      | Noticed Dustman's ghost (amateur HuMo)
  3212 | D:4      | Reached skill level 1 in Throwing
  3495 | D:4      | Killed Dustman's ghost
  3495 | D:4      | Gained mutation: When hurt, damage is shared between your health and your magic reserves. [demonic ancestry]
  3495 | D:4      | Reached XP level 7. HP: 40/55 MP: 10/10
  3674 | D:4      | Reached skill level 5 in Invocations
  3789 | D:4      | Found Feiwu's Book Emporium.
  3891 | D:4      | Found Deneboeh's Armour Boutique.
  3927 | D:4      | HP: 2/55 [orc priest/divine providence (13)]
  4233 | D:4      | Found Pyere's Antique Weapon Shop.
  4242 | D:4      | Found Figim's Antique Weapon Shoppe.
  4259 | D:4      | Bought a trident for 87 gold pieces
  4424 | D:5      | Entered Level 5 of the Dungeon
  4448 | D:5      | Noticed darxusza's ghost (novice DsGl)
  4452 | D:5      | Cast into level 1 of the Abyss (darxusza's ghost)
  4455 | Abyss:1  | Found a corrupted altar of Lugonu.
  4507 | Abyss:1  | Noticed a ynoxinul
  4509 | D:5      | Escaped the Abyss
  4998 | D:5      | Found a staircase to the Ecumenical Temple.
  5050 | Temple   | Entered the Ecumenical Temple
  5232 | D:5      | Reached skill level 5 in Fighting
  5317 | D:6      | Gained mutation: You have a pair of horns on your head. [demonic ancestry]
  5317 | D:6      | Reached XP level 8. HP: 48/62 MP: 12/12
  5375 | D:6      | Got a pitted trident
  5376 | D:6      | Identified the +8 trident of Wrongful Imprisonment {freeze, rPois rN+ Int+2} (You found it on level 6 of the Dungeon)
  5420 | D:6      | Reached skill level 6 in Invocations
  5816 | D:6      | Found a stormy altar of Qazlal.
  6194 | D:7      | Reached skill level 7 in Invocations
  6252 | D:7      | Reached skill level 5 in Polearms
  6338 | D:7      | Found a basalt altar of Yredelemnul.
  6397 | D:7      | Gained mutation: You are completely covered in iridescent scales. (AC +6) [demonic ancestry]
  6397 | D:7      | Reached XP level 9. HP: 69/69 MP: 14/14
  6401 | D:7      | Found Suj Heamubah's Antique Armour Shoppe.
  6676 | D:8      | Noticed a dagger
  6676 | D:8      | Found a hide-covered altar of Uskayaw.
  6677 | D:8      | Noticed a hand axe
  6677 | D:8      | Noticed Pikel
  6677 | D:8      | Noticed a two-headed ogre
  6689 | D:8      | Killed Pikel
  6698 | D:8      | Killed a two-headed ogre
  6698 | D:8      | Reached skill level 8 in Invocations
  6852 | D:8      | Noticed Erica
  6859 | D:8      | Killed Erica
  6859 | D:8      | Reached skill level 5 in Throwing
  6896 | D:8      | Noticed a two-headed ogre
  6901 | D:8      | Noticed a two-headed ogre
  6908 | D:8      | Killed a two-headed ogre
  6908 | D:8      | Reached skill level 9 in Invocations
  6908 | D:8      | Gained mutation: You are mostly covered in sharp spines. [demonic ancestry]
  6908 | D:8      | Reached XP level 10. HP: 51/79 MP: 9/17
  6926 | D:8      | Killed a two-headed ogre
  7186 | D:8      | Reached **** piety under Lugonu
  7399 | D:8      | Noticed Prince Ribbit
  7405 | D:8      | Killed Prince Ribbit
  7482 | D:8      | Reached skill level 10 in Invocations
  7507 | D:8      | Noticed a three-headed hydra
  7518 | D:8      | Killed a three-headed hydra
  7806 | D:9      | Found a shadowy altar of Dithmenos.
  7806 | D:9      | Found an opulent altar of Gozag.
  7808 | D:9      | Got a pair of slimy gloves
  7814 | D:9      | Identified the +0 pair of gloves of Rucoph Loann {rN+ Str+2} (You found it on level 9 of the Dungeon)
  8003 | D:9      | Found a staircase to the Lair.
  8017 | D:9      | Noticed a two-headed ogre
  8026 | D:9      | Killed a two-headed ogre
  8026 | D:9      | Gained mutation: You have a pair of large horns on your head. [demonic ancestry]
  8026 | D:9      | Reached XP level 11. HP: 69/87 MP: 13/19
  8039 | D:9      | Reached skill level 11 in Invocations
  8498 | D:10     | Entered Level 10 of the Dungeon
  8513 | D:10     | Noticed a phantasmal warrior
  8513 | D:10     | Noticed a two-headed ogre
  8516 | D:10     | Noticed a two-headed ogre
  8517 | D:10     | Killed a two-headed ogre
  8524 | D:10     | Killed a two-headed ogre
  8796 | D:10     | Reached ***** piety under Lugonu
  8977 | D:10     | Found a staircase to the Orcish Mines.
  9135 | D:10     | Killed an unseen horror
  9135 | D:10     | Reached skill level 12 in Invocations
  9841 | D:11     | Reached skill level 10 in Fighting
  9994 | D:11     | Noticed a green ugly thing
 10002 | D:11     | Killed a green ugly thing
 10012 | D:11     | Reached XP level 12. HP: 97/97 MP: 21/21
 10120 | D:11     | Noticed a two-headed ogre
 10124 | D:11     | Killed a two-headed ogre
 10507 | D:12     | Found the +15 Maxwell's patent armour {-Cast -Tele rElec MR+ rCorr}
 10726 | D:12     | Reached ****** piety under Lugonu
 10726 | D:12     | Reached skill level 13 in Invocations
 10891 | D:13     | Noticed a two-headed ogre
 10899 | D:13     | Killed a two-headed ogre
 10909 | D:13     | Noticed a centaur warrior
 10922 | D:13     | Killed a centaur warrior
 10972 | D:13     | Noticed Josephine
 10979 | D:13     | Killed Josephine
 10979 | D:13     | Reached skill level 10 in Polearms
 11124 | D:13     | Noticed a two-headed ogre
 11128 | D:13     | Noticed a centaur warrior
 11131 | D:13     | Killed a two-headed ogre
 11144 | D:13     | Killed a centaur warrior
 11290 | D:13     | Noticed a rakshasa
 11290 | D:13     | Noticed a centaur warrior
 11297 | D:13     | Killed a centaur warrior
 11297 | D:13     | Reached XP level 13. HP: 106/106 MP: 23/23
 11328 | D:13     | Reached skill level 14 in Invocations
 11385 | D:13     | Noticed Nessos
 11401 | D:13     | Killed Nessos
 11626 | D:13     | Reached skill level 10 in Throwing
 12076 | D:14     | Cast into level 2 of the Abyss (a wizard)
 12156 | Abyss:2  | Noticed a black draconian
 12158 | Abyss:2  | Noticed a deep elf sorcerer
 12159 | D:14     | Escaped the Abyss
 12178 | D:14     | Found a gate to the Vaults.
 12554 | D:14     | Reached skill level 15 in Invocations
 12992 | D:14     | Reached XP level 14. HP: 116/116 MP: 25/25
 13151 | D:15     | Entered Level 15 of the Dungeon
 13176 | D:15     | Found Tikedih's Food Shop.
 13451 | Lair:1   | Entered Level 1 of the Lair of Beasts
 13918 | Lair:1   | Found the +7 Kryia's mail coat {PotionHeal*2 rC+}
 14434 | Lair:2   | Found a staircase to the Snake Pit.
 14592 | Lair:2   | Found a staircase to the Swamp.
 15484 | Lair:4   | Reached skill level 16 in Invocations
 16456 | Lair:5   | Found a staircase to the Slime Pits.
 16504 | Lair:5   | Reached XP level 15. HP: 124/124 MP: 27/27
 17073 | Lair:6   | Entered Level 6 of the Lair of Beasts
 17291 | Lair:6   | Corrupted Lair:6
 17291 | Lair:6   | Noticed a tentacled starspawn
 17480 | Lair:6   | Got a brightly glowing trident
 17481 | Lair:6   | Identified the cursed +0 trident "Terubeumo" {flame, -Tele rF++ rC+ Dex+4} (You found it on level 6 of the Lair of Beasts)
 18328 | Snake:1  | Entered Level 1 of the Snake Pit
 18349 | Snake:1  | Reached skill level 17 in Invocations
 18373 | Snake:1  | Found Leanonyf's General Store.
 19526 | Snake:2  | Reached skill level 5 in Armour
 19626 | Snake:2  | Reached skill level 5 in Dodging
 20159 | Snake:2  | Noticed a nagaraja
 20175 | Snake:2  | Killed a nagaraja
 20430 | Snake:3  | Identified a scroll of acquirement
 20577 | Snake:3  | Gained mutation: You resist negative energy. (rN+) [demonic ancestry]
 20577 | Snake:3  | Reached XP level 16. HP: 71/132 MP: 18/28
 21344 | Snake:3  | Reached skill level 1 in Shields
 21758 | Snake:4  | Entered Level 4 of the Snake Pit
 22105 | Snake:4  | Found Initezao's Weapon Shop.
 22114 | Snake:4  | Noticed Aizul
 22146 | Snake:4  | Killed Aizul
 22756 | Snake:4  | Noticed Nikola
 22765 | Snake:4  | Reached skill level 5 in Shields
 22781 | Snake:4  | Killed Nikola
 23083 | Snake:4  | Noticed Vashnia
 23098 | Snake:4  | Slain by a nagaraja

Vault maps used:
D:1:      lemuel_arrival_rhombus, minmay_misc_feat_hallway,
          minmay_tree_intersection
D:2:      chequers_ecumenical_altar_simple
D:3:      portal_sewer_entry_e
D:4:      serial_shops, shop, kennysheep_mini, kennysheep_little_box, shop,
          nicolae_shop_crystal, first_bread
D:5:      minmay_temple_entry_grid, serial_shops, nicolae_shop_stone,
          uniq_menkaure
D:6:      nicolae_qazlal_eye_of_the_storm
D:7:      lemuel_zombie_altar_yredelemnul, serial_shops, nicolae_shop_stone
D:8:      dancing_weapons_uskayaw, hangedman_ranch, uniq_pikel,
          uniq_prince_ribbit1, uniq_erica
D:9:      gammafunk_temple_overflow_elements, erik_lair_dragon
D:10:     david_orc_1_choice, minivault_24, onia_ninara_dug_in_and_dangerous
D:13:     uniq_nessos, uniq_josephine
D:14:     grunt_vaults_entry_tiered, kennysheep_boxes, corner_web_ring
D:15:     grunt_enter_depths_hoard, serial_park_tiny_1, serial_shops,
          nicolae_shop_trees, portal_ice_cave_entry_pillars_2, special_room
Temple:   minmay_crystal_spiral_temple
Lair:2:   swamp_mist, minmay_snake_entry_six_corridors
Lair:4:   infiniplex_staircase_pool_2, grunt_megastairs_5,
          minmay_lair_oklob_chamber, lemuel_fruit_fields
Lair:5:   minmay_slime_entry_pillars, serial_bayou_shore_b
Lair:6:   gammafunk_lair_ancient_temple, serial_bayou_lagoon_a
Snake:1:  serial_shops, nicolae_shop_trees, serial_bayou_shore_b,
          grunt_megastairs_2
Snake:4:  grunt_snake_rune_serpentine_throne, serial_shops, shop, uniq_aizul,
          uniq_nikola, uniq_vashnia
Sewer:    sewer_kobolds

Skill      XL: |  1  2  3  4  5  6  7  8  9 10 11 12 13 14 15 16 |
---------------+-------------------------------------------------+-----
Dodging        | 1 2 3 5 6 |  6.2
Polearms       | 2 3 4 5 6 7 9 10 11 12 13 14 | 14.7
Armour         | 2 3 6 |  6.5
Invocations    | 3 4 5 7 9 10 12 13 15 16 17 | 17.0
Fighting       | 4 5 6 7 8 10 11 12 13 | 13.8
Throwing       | 1 2 4 5 7 8 9 10 11 12 | 12.3
Shields        | 6 |  6.1

Action                   |  1- 3 |  4- 6 |  7- 9 | 10-12 | 13-15 | 16-18 || total
-------------------------+-------+-------+-------+-------+-------+-------++-------
Melee: Spear             |   135 |   221 |    45 |       |       |       ||   401
       Headbutt          |       |    28 |    29 |    94 |   228 |    64 ||   443
       Trident           |       |       |   202 |   541 |  1284 |   426 ||  2453
Throw: Javelin           |       |       |     3 |     1 |     6 |       ||    10
Invok: Depart the Abyss  |       |       |     1 |       |     1 |       ||     2
       Banish            |       |       |       |     1 |     2 |     2 ||     5
       Corrupt           |       |       |       |       |     1 |       ||     1
       Bend Space        |       |       |       |       |       |     1 ||     1
  Use: Potion            |       |     9 |     1 |     1 |     4 |     1 ||    16
       Scroll            |       |       |       |     6 |    23 |     1 ||    30
 Stab: Sleeping          |     1 |       |       |       |       |       ||     1
  Eat: Chunk             |     2 |     6 |     7 |    16 |    22 |     5 ||    58
       Bread ration      |       |       |     1 |       |     2 |       ||     3
       Meat ration       |       |       |       |       |     1 |       ||     1
       Fruit             |       |       |       |       |     1 |       ||     1
Armor: Leather armour    |    16 |       |       |       |       |       ||    16
       Ring mail         |    28 |     2 |       |       |       |       ||    30
       Plate armour      |       |   141 |   156 |   257 |   683 |   221 ||  1458
Dodge: Dodged            |    63 |    43 |    41 |   115 |   284 |    78 ||   624
Block: Shield            |       |       |       |       |       |   123 ||   123

Table legend:
 A = Spawn XP
 B = Non-spawn XP
 C = Spawn XP percentage of total XP
 D = Spawn monster count
 E = Non-spawn monster count
 F = Spawn count percentage of total count
 G = Total turns spent on level
                    A         B        C        D         E        F      G
               +---------+---------+-------+---------+---------+-------+---------
         Total |       0 |  199490 |   0.0 |       0 |     731 |   0.0 | 23098
               +---------+---------+-------+---------+---------+-------+---------
           D:1 |       0 |      49 |   0.0 |       0 |      27 |   0.0 |   626
           D:2 |       0 |      57 |   0.0 |       0 |      12 |   0.0 |   974
           D:3 |       0 |      53 |   0.0 |       0 |      10 |   0.0 |  1165
           D:4 |       0 |     857 |   0.0 |       0 |      23 |   0.0 |  1836
           D:5 |       0 |     277 |   0.0 |       0 |       6 |   0.0 |   250
           D:6 |       0 |     592 |   0.0 |       0 |      14 |   0.0 |   651
           D:7 |       0 |     812 |   0.0 |       0 |      29 |   0.0 |   655
           D:8 |       0 |    6937 |   0.0 |       0 |      33 |   0.0 |  1091
           D:9 |       0 |    3751 |   0.0 |       0 |      28 |   0.0 |   842
          D:10 |       0 |    5604 |   0.0 |       0 |      45 |   0.0 |  1006
          D:11 |       0 |    4237 |   0.0 |       0 |      28 |   0.0 |   891
          D:12 |       0 |    4539 |   0.0 |       0 |      32 |   0.0 |   544
          D:13 |       0 |   16060 |   0.0 |       0 |      54 |   0.0 |   989
          D:14 |       0 |   23938 |   0.0 |       0 |      77 |   0.0 |  1245
          D:15 |       0 |    2313 |   0.0 |       0 |       6 |   0.0 |   144
        Lair:1 |       0 |    2851 |   0.0 |       0 |      11 |   0.0 |   668
        Lair:2 |       0 |    3741 |   0.0 |       0 |      26 |   0.0 |   761
        Lair:3 |       0 |    6447 |   0.0 |       0 |      20 |   0.0 |   635
        Lair:4 |       0 |   17964 |   0.0 |       0 |      51 |   0.0 |   982
        Lair:5 |       0 |    4040 |   0.0 |       0 |      19 |   0.0 |   658
        Lair:6 |       0 |   13414 |   0.0 |       0 |      31 |   0.0 |  1173
       Snake:1 |       0 |   13780 |   0.0 |       0 |      28 |   0.0 |  1089
       Snake:2 |       0 |   17561 |   0.0 |       0 |      32 |   0.0 |  1173
       Snake:3 |       0 |   14794 |   0.0 |       0 |      28 |   0.0 |  1168
       Snake:4 |       0 |   34696 |   0.0 |       0 |      52 |   0.0 |  1340
         Sewer |       0 |     126 |   0.0 |       0 |       9 |   0.0 |   227
               +---------+---------+-------+---------+---------+-------+---------
